 Dungeon Crawl Stone Soup version 0.32-a0-460-gc8eefc90e7 (webtiles) character file.

Game seed: 1839659608722634954

96 ArtD the Ruffian (level 4, 0/37 HPs)
             Began as a Ghoul Gladiator on Feb 24, 2024.
             Slain by an orc
             ... wielding a +0 war axe
              (4 damage)
             ... on level 3 of the Dungeon.
             The game lasted 00:06:15 (1070 turns).

ArtD the Ruffian (Ghoul Gladiator)                  Turns: 1070, Time: 00:06:16

Health: 0/37       AC: 11    Str: 19    XL:     4   Next: 67%
Magic:  4/4        EV:  8    Int:  7    God:
Gold:   39         SH:  0    Dex: 10    Spells: 3/3 levels left

rFire   . . .        a - +3 quarterstaff (chaos)
rCold   + . .        (shield currently unavailable)
rNeg    + + +        f - +0 chain mail
rPois   ∞            b - +0 helmet
rElec   .            h - +1 cloak {rCorr}
rCorr   +            (no gloves)
SInv    .            (no boots)
Will    .....        (no amulet) Stlth
                     j - ring of flight
HPRegen 0.00/turn    (no ring)
MPRegen 0.09/turn

%: no passive effects
@: flying, inhibited regen
A: claws 1, cold resistance 1, negative energy resistance 3, inhibited
regeneration, torment resistance 2, devour on kill
a: no special abilities


You were on level 3 of the Dungeon.
You visited 1 branch of the dungeon, and saw 3 of its levels.

You collected 39 gold pieces.

Inventory:

Hand Weapons
 a - a +3 quarterstaff of chaos (weapon)
 g - a +1 whip
 i - a +1 hammer of holy wrath
Missiles
 c - 3 throwing nets (quivered)
 d - a javelin
Armour
 b - a +0 helmet (worn)
 f - a +0 chain mail (worn)
 h - a +1 cloak of preservation (worn)
Jewellery
 j - a ring of flight (left claw)


   Skills:
 + Level 2.5 Fighting
 + Level 0.6 Maces & Flails
 + Level 1.9 Throwing
 + Level 0.2 Armour
 + Level 3.6 Dodging
 + Level 0.4 Stealth
 + Level 4.4 Unarmed Combat


You had 3 spell levels left.
You didn't know any spells.
Your spell library contained the following spells:

 Spells                   Type           Power      Damage    Failure   Level
 Lesser Beckoning         Tloc           0%         N/A       100%        2
 Gell's Gravitas          Tloc           0%         N/A       100%        3
 Teleport Other           Tloc           0%         N/A       100%        3


Dungeon Overview and Level Annotations

Branches:
Dungeon (3/15)

Altars:


Innate Abilities, Weirdness & Mutations

You are immune to poison.
You have sharp fingernails.
Your flesh is cold resistant. (rC+)
You are immune to negative energy. (rN+++)
You do not regenerate when monsters are visible.
You are immune to unholy pain and torment.
You thrive by killing the living.


Message History

The burning spray hits you.
You are covered in liquid fire!
You see here a +0 mace.
You shake off some of the fire as you move.
The liquid fire burns you!
You shake off some of the fire as you move.
The liquid fire burns you! The orc hits you with a +0 war axe.
An orc comes into view. It is wielding a +0 dagger.
The bombardier beetle closely misses you.
You barely miss the bombardier beetle. The liquid fire burns you!
The orc hits you but does no damage.
The bombardier beetle sprays incendiary fluid at you.
The burning spray hits you.
You are even more covered in liquid fire!
You completely miss the bombardier beetle.
The liquid fire burns you! The orc barely misses you.
The orc hits you with a +0 war axe.
The bombardier beetle bites you but does no damage.
You hit the bombardier beetle.
The bombardier beetle is lightly wounded.
The liquid fire burns you!
* * * LOW HITPOINT WARNING * * *
The orc hits you but does no damage.
You are no longer on fire.
You feel magically purged. The orc hits you but does no damage.
The bombardier beetle closely misses you.
The bombardier beetle bites you but does no damage.
The orc attacks as it pursues you! The orc hits you with a +0 war axe.
* * * LOW HITPOINT WARNING * * *
You see here a +0 mace.
The bombardier beetle waves its antennae.
The orc attacks as it pursues you! The orc closely misses you.
You see here a bat corpse.
The orc attacks as it pursues you! The orc hits you but does no damage.
The orc hits you with a +0 war axe.
* * * LOW HITPOINT WARNING * * *
The orc attacks as it pursues you! The orc hits you with a +0 war axe.
You die...

############
#..oo.B....#
......)o########o#
######### #@# #.#
#<# ###


You could see an orc.

Vanquished Creatures
  Crazy Yiuf (D:2)
  4 adders (D:2)
  A dart slug (D:2)
  A ball python (D:2)
  4 endoplasms (D:2)
  A giant cockroach (D:2)
  A goblin (D:2)
  2 hobgoblins (D:2)
  4 jackals (D:2)
  2 kobolds (D:2)
  A quokka (D:2)
  4 bats
  2 frilled lizards (D:2)
  A rat (D:2)
29 creatures vanquished.

Notes
Turn   | Place    | Note
-------+----------+-------------------------------------------
     0 | D:1      | ArtD the Ghoul Gladiator began the quest for the Orb.
     0 | D:1      | Reached XP level 1. HP: 17/17 MP: 1/1
   108 | D:1      | You fall into a shaft and drop 1 floor!
   225 | D:2      | Reached XP level 2. HP: 24/24 MP: 2/2
   291 | D:2      | Reached XP level 3. HP: 17/30 MP: 3/3
   575 | D:2      | Found a runed translucent door.
   576 | D:2      | Noticed Crazy Yiuf
   588 | D:2      | Killed Crazy Yiuf
   589 | D:2      | Reached skill level 4 in Unarmed Combat
   589 | D:2      | Reached XP level 4. HP: 37/37 MP: 4/4
  1070 | D:3      | Slain by an orc

Illustrated notes

Levels and vault maps discovered:
D:1:      minmay_arrival_floating_metal, layout_basic
D:2:      layout_loops_ring, kennysheep_generic_room_9, uniq_crazy_yiuf_cottage
D:3:      layout_basic, nicolae_overflow_two_pavilions,
          overflow_temple_1_default, fedhas_altar_fruit_tree, uniq_robin

Skill      XL: |  1  2  3 |
---------------+----------+-----
Dodging        | 3 |  3.6
Unarmed Combat | 4 |  4.4
Fighting       | |  2.5
Maces & Flails | |  0.6
Throwing       | |  1.9
Armour         | |  0.2
Stealth        | |  0.4

Action                     |  1- 3 |  4- 6 || total
---------------------------+-------+-------++-------
  Melee: Unarmed           |    62 |       ||    62
         Whip              |    18 |       ||    18
         Quarterstaff      |       |    28 ||    28
  Throw: Throwing net      |     2 |       ||     2
    Use: Scroll            |     2 |     2 ||     4
         Potion            |       |     1 ||     1
   Stab: Held in net/web   |     1 |       ||     1
 Armour: Leather armour    |    18 |       ||    18
         Chain mail        |    28 |    43 ||    71
  Dodge: Dodged            |    48 |    19 ||    67

Table legend: (Time is in decaauts)
 A = Elapsed time spent in this place.
 B = Non-inter-level travel time spent in this place.
 C = Inter-level travel time spent in this place.
 D = Time resting spent in this place.
 E = Time spent auto-exploring this place.
 F = Levels seen in this place.
 G = Mean time per level.
                   A        B        C        D        E       F      G
               +--------+--------+--------+--------+--------+-----+--------+
         Total |   1073 |   1073 |      0 |    111 |      0 |   3 |  357.7 |
       Dungeon |   1073 |   1073 |      0 |    111 |      0 |   3 |  357.7 |
               +--------+--------+--------+--------+--------+-----+--------+

Top non-repeatable levels by time:
     D:2: 933 daAuts
     D:1: 108 daAuts
     D:3: 31 daAuts
